 Dungeon Crawl Stone Soup version 0.31.0-2-g5a2aebc5c2 (webtiles) character file.

Game seed: 6574225054270922398

11136 BeingJoeMalik the Thaumaturge (level 11, -1/129 HPs)
             Began as a Naga Hedge Wizard on Jan 20, 2024.
             Was a High Priest of Jiyva.
             Slain by a vampire mosquito (7 damage)
             ... on level 10 of the Dungeon.
             The game lasted 00:54:07 (8351 turns).

BeingJoeMalik the Thaumaturge (Naga Hedge Wizard)   Turns: 8351, Time: 00:54:07

Health: -1/129     AC: 25    Str: 13    XL:     11   Next: 73%
Magic:  35/35      EV:  1    Int: 19    God:    Jiyva [*****.]
Gold:   332        SH:  0    Dex: 10    Spells: 24/33 levels left

rFire   + . .        y - +3 morningstar (spect)
rCold   . . .        (no shield)
rNeg    . . .        b - melded +0 robe
rPois   +            z - melded +0 helmet
rElec   .            h - melded +0 cloak
rCorr   +            w - melded +0 pair of gloves
SInv    +            (no barding)
Will    +....        t - amulet of Piatutof {RegenMP Stlth+}
Stlth   +++          k - ring of protection from fire
HPRegen 1.85/turn    e - ring of magical power
MPRegen 1.36/turn

%: no passive effects
@: tree-form, hasted, very quick
A: stationary, stasis, torment immunity, boosted hp, AC +3, large, see
invisible, (deformed body), (poison resistance), (slowness 2), spit poison 1,
(naga tail 1), (stinger 3), mutation resistance 1, (pseudopods 3), (engulf)
a: Spit Poison, Renounce Religion, Oozemancy, Slimify


You were on level 10 of the Dungeon.
You worshipped Jiyva.
Jiyva was extremely pleased with you.
You were a tree.
You visited 2 branches of the dungeon, and saw 11 of its levels.
You also visited: Sewer.

You collected 332 gold pieces.

Inventory:

Hand Weapons
 a - a +0 dagger
 g - the +1 whip of Abuse {drain, rPois rN+ rCorr Int-5}
   (You found it on level 9 of the Dungeon)

   Int-5:     It affects your intelligence (-5).
   rPois:     It protects you from poison rN+: It protects you from negative
   energy.
   rCorr:     It protects you from acid and corrosion.
 r - a +5 whip of flaming
 y - a +3 spectral morningstar (weapon)
Missiles
 c - a throwing net
 f - 2 curare-tipped darts
 m - 31 poisoned darts
Armour
 b - a +0 robe (melded)
 h - a +0 cloak (melded)
 w - a +0 pair of gloves (melded)
 z - a +0 helmet (melded)
Jewellery
 e - a ring of magical power (right branch)
 k - a ring of protection from fire (left branch)
 t - the amulet of Piatutof (around neck) {RegenMP Stlth+}
   (You found it on level 4 of the Dungeon)

   [amulet of magic regeneration]

   RegenMP:   It increases your rate of magic regeneration.
   Stlth+:    It makes you more stealthy.
 u - an amulet of faith
 A - a ring of willpower
Wands
 C - a wand of paralysis (4)
Scrolls
 i - 3 scrolls of immolation
 j - 4 scrolls of identify
 o - 2 scrolls of revelation
 s - a scroll of fear
Potions
 d - 5 potions of magic
 l - a potion of invisibility {unknown}
 v - a potion of degeneration {unknown}
 x - a potion of mutation


   Skills:
 * Level 2.3 Fighting
 - Level 1.5 Dodging
 - Level 3.0 Stealth
 + Level 11.9 Spellcasting
 - Level 9.9 Conjurations
 * Level 2.6 Hexes
 + Level 5.1 Summonings
 - Level 1.0 Translocations
 + Level 0.9 Air Magic
 * Level 7.3 Alchemy


You had 24 spell levels left.
You knew the following spells:

 Your Spells              Type           Power      Damage    Failure   Level
a - Magic Dart            Conj           100%       1d8       1%          1
b - Slow                  Hex            84%        N/A       1%          1
c - Call Imp              Summ           60%        N/A       1%          2
d - Mephitic Cloud        Conj/Alch/Air  34%        N/A       1%          3
e - Blink                 Tloc           30%        N/A       6%          2

Your spell library contained the following spells:

 Spells                   Type           Power      Damage    Failure   Level
 Cigotuvi's Dreadful Rot  Necr/Alch/Air  42%        N/A       3%          2


Dungeon Overview and Level Annotations

Branches:
Dungeon (10/15)            Temple (1/1) D:6            Lair (0/5) D:9
    Orc (0/2) D:9           Sewer (visited)

Altars:
Ashenzari
Cheibriados
Dithmenos
Elyvilon
Fedhas
Gozag
Hepliaklqana
Kikubaaqudgha
Makhleb
Nemelex Xobeh
Okawaru
Qazlal
Ru
Sif Muna
Trog
Uskayaw
Vehumet
Wu Jian
Xom
Yredelemnul
Zin
The Shining One

Shops:
D:4 [   D:9 *   D:10 *

Annotations:
D:2 1 runed translucent door, Crazy Yiuf


Innate Abilities, Weirdness & Mutations

You are a tree.
Your roots penetrate the ground, keeping you stationary.
You cannot be teleported.
You are immune to unholy pain and torment.
Your maximum health is greatly increased.
Your equipment is partially melded.
((Your serpentine skin is tough. (AC +3)))
You have supernaturally acute eyesight. (SInv)
((Armour fits poorly on your strangely shaped body.))
((Your system is resistant to poisons. (rPois)))
((You cover ground very slowly.))
You can spit poison.
((You have a snake-like lower body.))
((Your tail ends in a wickedly sharp and venomous barb.))
You are somewhat resistant to further mutation.
((Armour fits poorly on your massive pseudopods.))
((Your melee attacks may engulf your foes in ooze.))


Message History

Unknown command.
Okay, then.
Unknown command.
Unknown command.
Unknown command.
Unknown command.
Unknown command.
Unknown command.
You feel yourself speed up. The vampire mosquito bites you!
* * * LOW HITPOINT WARNING * * *
The vampire mosquito draws strength from your injuries!
The vampire mosquito bites you.
* * * LOW HITPOINT WARNING * * *
The vampire mosquito draws strength from your injuries!
Your cerulean imp hits the vampire mosquito but does no damage.
The vampire mosquito barely misses you. x2
Unknown command.
Unknown command.
Unknown command.
Unknown command.
Unknown command.
As you read the scroll of fear, it crumbles to dust.
You assume a fearsome visage.
The vampire mosquito is unaffected. x2
The vampire mosquito closely misses you.
The vampire mosquito bites you but does no damage.
Your cerulean imp closely misses the vampire mosquito.
Unknown command.
It was a potion of lignification.
You turn into a tree.
Your +0 cloak melds into your body.
Your +0 helmet melds into your body.
Your +0 pair of gloves melds into your body.
Your +0 robe melds into your body.
Your roots penetrate the ground.
The vampire mosquito bites you but does no damage. x3
Okay, then.
Unknown command.
Unknown command.
You feel ready to blink again.
The vampire mosquito bites you but does no damage.
Your cerulean imp misses the vampire mosquito.
The vampire mosquito bites you!
You die...

#># # #..######## .#
.........##.#
###........#..# ##..#
#........#### ....#
#............ #.#.#
#....y..##.# .. #.#.#
#..<♣y.5##.###.##... #.#.#
####...........#..#.# #...#
###.....###...##.. #..##
#.∩....##....... ##..#
#............... #..[#
###........##.# #.
#)#.#######......#....#.###.
#.#......†...###....#.......
#.#.######...# ####..##.####


You could see 2 vampire mosquitoes and a friendly cerulean imp (summoned).

Vanquished Creatures
  Erica (D:8)
  A two-headed ogre (D:6)
  Joseph (D:8)
  A hornet (D:10)
  Prince Ribbit (D:5)
  Sigmund (D:6)
  A wyvern (D:9)
  10 yaks
  Eustachio (D:4)
  2 vampire mosquitoes (D:10)
  4 steam dragons
  Menkaure (D:7)
  Edmund (D:5)
  2 acid dragons (D:9)
  A water moccasin (D:5)
  5 orc warriors
  3 sky beasts (D:8)
  A black bear (D:6)
  An ogre (D:4)
  2 centaurs
  2 phantoms (D:5)
  4 kobold brigands
  A scorpion (D:6)
  3 bullfrogs
  2 gnoll sergeants
  20 killer bees (D:9)
  2 howler monkeys (D:9)
  5 bombardier beetles
  2 jellies
  A hound (D:6)
  2 orc priests (D:9)
  A sleepcap (D:6)
  Terence (D:1)
  5 iguanas
  Natasha (thrice) (D:2)
  6 orc wizards
  4 adders
  A river rat (Sewer)
  13 gnolls
  2 ribbon worms (D:2)
  2 dart slugs (D:3)
  20 orcs
  10 ball pythons
  13 endoplasms
  7 giant cockroaches
  10 goblins
  6 hobgoblins
  3 jackals (D:5)
  18 kobolds
  3 quokkas
  9 bats
  4 frilled lizards
  10 rats
236 creatures vanquished.

Vanquished Creatures (collateral kills)
  A two-headed ogre (D:9)
  A gargoyle (D:10)
  A queen bee (D:9)
  2 yaks
  A water moccasin (D:7)
  An orc warrior (D:9)
  A sky beast (D:7)
  2 wolves (D:9)
  A phantom (D:5)
  A gnoll sergeant (D:9)
  3 killer bees (D:9)
  A howler monkey (D:9)
  A hound (D:7)
  2 orc priests
  An orc wizard (D:9)
  A gnoll (D:3)
  4 orcs
  A giant cockroach (Sewer)
  A kobold (D:8)
  A frilled lizard (Sewer)
  A rat (Sewer)
29 creatures vanquished.

Vanquished Creatures (others)
  An orc warrior (D:9)
  A black bear (D:6)
  A centaur (D:9)
  3 killer bees (D:9)
  9 jellies
  An orc wizard (D:7)
  An iguana (D:5)
  5 gnolls
  2 shadow imps
  A ribbon worm (D:3)
  7 orcs
  A goblin (D:4)
  A quokka (D:4)
34 creatures vanquished.

Grand Total: 299 creatures vanquished

Notes
Turn   | Place    | Note
-------+----------+-------------------------------------------
     0 | D:1      | BeingJoeMalik the Naga Hedge Wizard began the quest for the
                  | Orb.
     0 | D:1      | Reached XP level 1. HP: 15/15 MP: 4/4
     2 | D:1      | Learned a level 1 spell: Slow
   602 | D:1      | Reached XP level 2. HP: 22/22 MP: 6/6
   605 | D:1      | Learned a level 2 spell: Call Imp
   891 | D:2      | Noticed Terence
   912 | D:1      | Killed Terence
   913 | D:1      | Reached XP level 3. HP: 25/28 MP: 3/7
   934 | D:2      | Learned a level 3 spell: Mephitic Cloud
  1052 | D:2      | Noticed a golden eye
  1058 | D:2      | Noticed a great orb of eyes
  1060 | D:2      | Found a faded altar of an unknown god.
  1061 | D:2      | Noticed a glass eye
  1061 | D:2      | Noticed a glass eye
  1068 | D:2      | Reached XP level 4. HP: 36/36 MP: 8/8
  1392 | D:2      | Noticed Natasha
  1394 | D:2      | Killed Natasha
  1395 | D:2      | Reached XP level 5. HP: 42/42 MP: 10/10
  1416 | D:2      | Found a runed translucent door.
  1417 | D:2      | Noticed Crazy Yiuf
  1541 | D:2      | Noticed Natasha
  1546 | D:2      | Reached skill level 4 in Spellcasting
  1559 | D:2      | Killed Natasha
  1586 | D:2      | Noticed Natasha
  1597 | D:2      | Killed Natasha
  2119 | D:3      | Found a glowing drain.
  2143 | Sewer    | Entered a sewer
  2196 | Sewer    | Reached XP level 6. HP: 49/49 MP: 12/12
  2342 | Sewer    | Found a viscous altar of Jiyva.
  2351 | Sewer    | Became a worshipper of Jiyva Jele the Shapeless
  2979 | D:4      | Reached skill level 5 in Spellcasting
  3093 | D:4      | Reached * piety under Jiyva
  3106 | D:4      | Noticed Eustachio
  3123 | D:4      | Gained mutation: You can exhale a cloud of poison. [potion
                  | of mutation]
  3123 | D:4      | Gained mutation: You are somewhat resistant to further
                  | mutation. [potion of mutation]
  3157 | D:4      | Noticed an orc warrior
  3231 | D:4      | Found Puceamuah's Armour Shoppe.
  3273 | D:4      | Reached skill level 5 in Conjurations
  3273 | D:4      | Reached XP level 7. HP: 55/55 MP: 15/15
  3292 | D:4      | Killed Eustachio
  3365 | D:4      | Reached skill level 6 in Spellcasting
  3719 | D:4      | Identified the amulet of Piatutof {RegenMP Stlth+}
  3836 | D:5      | Entered Level 5 of the Dungeon
  3851 | D:5      | Reached ** piety under Jiyva
  3878 | D:5      | Reached XP level 8. HP: 62/62 MP: 17/17
  3971 | D:5      | Found a glowing golden altar of the Shining One.
  4427 | D:5      | Reached skill level 7 in Spellcasting
  4517 | D:5      | Noticed Prince Ribbit
  4529 | D:5      | Killed Prince Ribbit
  4632 | D:5      | Noticed Edmund
  4643 | D:5      | Killed Edmund
  4864 | D:6      | Noticed a two-headed ogre
  4873 | D:6      | Reached XP level 9. HP: 68/68 MP: 20/20
  4880 | D:6      | Killed a two-headed ogre
  4881 | D:6      | Reached skill level 8 in Spellcasting
  4887 | D:6      | Learned a level 2 spell: Blink
  5000 | D:6      | Reached *** piety under Jiyva
  5000 | D:6      | Lost mutation: You can exhale a cloud of poison. [Jiyva's
                  | grace]
  5000 | D:6      | Gained mutation: Your tail ends in a venomous barb.
                  | [Jiyva's grace]
  5000 | D:6      | Gained mutation: Your tail ends in a sharp venomous barb.
                  | [Jiyva's grace]
  5000 | D:6      | Gained mutation: Your tail ends in a wickedly sharp and
                  | venomous barb. [Jiyva's grace]
  5000 | D:6      | Gained mutation: You have acidic saliva. [Jiyva's grace]
  5100 | D:6      | Noticed Sigmund
  5107 | D:6      | Killed Sigmund
  5108 | D:6      | Reached skill level 1 in Alchemy
  5392 | D:6      | Reached **** piety under Jiyva
  5520 | D:6      | Found a staircase to the Ecumenical Temple.
  5529 | Temple   | Entered the Ecumenical Temple
  5558 | D:7      | Reached skill level 9 in Spellcasting
  5775 | D:7      | Noticed Menkaure
  5882 | D:7      | Reached XP level 10. HP: 75/75 MP: 23/23
  5895 | D:7      | Killed Menkaure
  6266 | D:8      | Noticed Erica
  6268 | D:8      | Noticed Joseph
  6280 | D:8      | Killed Erica
  6281 | D:8      | Reached skill level 10 in Spellcasting
  6300 | D:8      | Killed Joseph
  6301 | D:8      | Reached skill level 5 in Alchemy
  6443 | D:8      | Reached ***** piety under Jiyva
  6510 | D:8      | Lost mutation: You have acidic saliva. [Jiyva's grace]
  6510 | D:8      | Gained mutation: Your melee attacks may engulf your foes in
                  | ooze. [Jiyva's grace]
  6510 | D:8      | Gained mutation: Armour fits poorly on your pseudopods.
                  | [Jiyva's grace]
  6510 | D:8      | Gained mutation: Armour fits poorly on your large
                  | pseudopods. [Jiyva's grace]
  6510 | D:8      | Gained mutation: Armour fits poorly on your massive
                  | pseudopods. [Jiyva's grace]
  6748 | D:9      | Noticed a two-headed ogre
  6753 | D:9      | Killed a two-headed ogre
  6762 | D:9      | Found a staircase to the Lair.
  6765 | D:9      | Reached XP level 11. HP: 81/81 MP: 25/25
  6877 | D:9      | Reached skill level 11 in Spellcasting
  7099 | D:9      | Found Huhidyavur's General Store.
  7252 | D:9      | Found a staircase to the Orcish Mines.
  7460 | D:9      | Reached skill level 1 in Hexes
  7583 | D:9      | Reached skill level 1 in Fighting
  8046 | D:9      | Identified the +1 whip of Abuse {drain, rPois rN+ rCorr
                  | Int-5}
  8071 | D:10     | Entered Level 10 of the Dungeon
  8086 | D:10     | Reached skill level 5 in Summonings
  8107 | D:10     | Found Gepi Pou's General Store.
  8348 | D:10     | HP: 3/86 [vampire mosquito (7)]
  8348 | D:10     | HP: 1/86 [vampire mosquito (2)]
  8351 | D:10     | Slain by a vampire mosquito

Illustrated notes

Levels and vault maps discovered:
D:1:      orjb1_clovarrival, layout_basic
D:2:      layout_basic, hellmonk_ecumenical_altar_watching_god,
          serial_bayou_pond_b, uniq_crazy_yiuf_cottage, uniq_natasha,
          uniq_terence
D:3:      layout_basic, portal_sewer_entry_d
D:4:      layout_gridville, serial_shops, nicolae_shop_crystal, uniq_eustachio
D:5:      layout_loops_corners, tso_altar, amethyst_killhole,
          dreamdust_wishing_well, uniq_edmund, uniq_prince_ribbit1
D:6:      layout_basic, minmay_temple_entry_poolview, amcnicky_mini_pool_small,
          uniq_sigmund
D:7:      layout_basic, uniq_menkaure
D:8:      layout_rooms, hangedman_misty_isle, uniq_erica, uniq_joseph
D:9:      layout_basic, erik_lair_orcish_takeover,
          minmay_orc_entry_temple_small, special_room [special_room_bee],
          serial_shops, nicolae_inconvenience_store, kennysheep_generic_room_4
D:10:     layout_rooms, serial_rivers, chequers_serial_rivers_large_a,
          chequers_serial_rivers_large_b, chequers_serial_rivers_micro_a,
          chequers_serial_rivers_small_a, chequers_serial_rivers_room_a,
          serial_shops, shop, nicolae_shop_tiny_waterfront
Temple:   compressed_dpeg_circular_temple

Skill      XL: |  1  2  3  4  5  6  7  8  9 10 11 |
---------------+----------------------------------+-----
Conjurations   | 2 3 4 5 7 8 9 |  9.9
Spellcasting   | 4 5 6 7 9 10 11 | 11.9
Summonings     | 2 3 4 5 |  5.1
Alchemy        | 3 6 7 |  7.3
Hexes          | 2 |  2.6
Fighting       | 2 |  2.3
Dodging        | |  1.5
Stealth        | |  3.0
Translocations | |  1.0
Air Magic      | |  0.9

Action                     |  1- 3 |  4- 6 |  7- 9 | 10-12 || total
---------------------------+-------+-------+-------+-------++-------
  Melee: Dagger            |     9 |     1 |       |       ||    10
         Whip              |       |       |     7 |     2 ||     9
         Morningstar       |       |       |     4 |     3 ||     7
   Cast: Magic Dart        |    42 |   193 |   193 |   404 ||   832
         Call Imp          |       |     8 |    19 |    35 ||    62
         Slow              |       |     1 |     1 |       ||     2
         Mephitic Cloud    |       |       |     9 |    53 ||    62
         Blink             |       |       |       |     1 ||     1
Ability: Spit Poison       |    19 |    26 |    14 |    11 ||    70
         Breathe Poison Ga |       |     2 |    11 |       ||    13
    Use: Scroll            |       |    11 |     2 |     3 ||    16
         Potion            |       |     4 |     1 |     7 ||    12
 Armour: Robe              |    16 |    45 |   134 |   229 ||   424
         Skin              |       |       |       |     5 ||     5
  Dodge: Dodged            |    23 |    24 |    55 |   126 ||   228
